 Dungeon Crawl Stone Soup version 0.21-a0-509-gecc5317 (webtiles) character file.

464 Megalobster the Chopper (level 6, -3/57 HPs)
             Began as a Deep Dwarf Fighter on Nov 29, 2017.
             Killed from afar by anet's ghost (10 damage)
             ... with a magic dart
             ... on level 4 of the Dungeon.
             The game lasted 00:07:00 (2538 turns).

Megalobster the Chopper (Deep Dwarf Fighter)        Turns: 2538, Time: 00:07:01

Health: -3/57      AC: 10    Str: 20    XL:     6   Next: 80%
Magic:  6/6        EV:  7    Int:  9    God:
Gold:   155        SH: 10    Dex: 13    Spells: 5/5 levels left

rFire    . . .     SeeInvis .   a - +0 war axe
rCold    . . .     Gourm    .   c - +0 shield
rNeg     . . .     Faith    .   b - +0 scale mail
rPois    .         Spirit   .   o - +2 hat
rElec    .         Reflect  .   (no cloak)
rCorr    .         Harm     .   (no gloves)
MR       .....                  r - +0 pair of boots
Stlth    ..........             (no amulet)
HPRegen  0.00/turn              n - ring of loudness (curse)
MPRegen  0.10/turn              (no ring)

@: lethally poisoned (-3 -> -3), non-regenerating
A: damage resistance, heal wounds, sense surroundings 1, no regeneration
a: Heal Wounds


You were on level 4 of the Dungeon.
You were not hungry.

You visited 1 branch of the dungeon, and saw 4 of its levels.

You collected 155 gold pieces.

Inventory:

Hand Weapons
 a - a +0 war axe (weapon)
Armour
 b - a +0 scale mail (worn)
 c - a +0 shield (worn)
 o - a +2 hat (worn)
 r - a +0 pair of boots (worn)
Jewellery
 n - a cursed ring of loudness (left hand)
 u - an uncursed ring of ice {unknown}
 v - a cursed ring of teleportation {unknown}
Scrolls
 g - 3 scrolls of identify {unknown}
 h - 2 scrolls of fog {unknown}
 j - 2 scrolls of magic mapping {unknown}
 k - 2 scrolls of remove curse {unknown}
 l - 3 scrolls of teleportation {unknown}
 s - a scroll of amnesia {unknown}
 t - 2 scrolls of enchant armour {unknown}
Potions
 d - a potion of might
 e - 3 potions of agility {unknown}
 i - 2 potions of flight {unknown}
 m - 2 potions of curing {unknown}
 p - a potion of heal wounds {unknown}
Comestibles
 f - 3 bread rations
 q - 2 chunks of flesh


   Skills:
 + Level 3.9 Fighting
 * Level 5.3 Axes
 + Level 4.8 Armour
 + Level 4.7 Shields


You had 5 spell levels left.
You didn't know any spells.

Dungeon Overview and Level Annotations

Branches:
Dungeon (4/15)
 Temple: D:4-7

Altars:

Annotations:
D:4 anet's ghost, novice DEWz


Innate Abilities, Weirdness & Mutations

You are resistant to damage.
You can heal yourself by infusing magical energy.
You passively map a small area around you.
You do not regenerate.


Message History

You hit anet's ghost.
Anet's ghost is almost destroyed.
Anet's ghost casts a spell at you. The magic dart hits you!
* * * LOW HITPOINT WARNING * * *
Anet's ghost points at you and mumbles some strange words.
The magic dart hits you!
You fail to use your ability.
Anet's ghost points at you and mumbles some strange words.
The magic dart hits you!
You barely miss anet's ghost.
Anet's ghost is almost destroyed.
Anet's ghost hits you.
You closely miss anet's ghost.
Anet's ghost is almost destroyed.
Anet's ghost barely misses you.
Anet's ghost screams, "I'll kill anyone who wants the ORB!"
Anet's ghost gestures at you while chanting.
The magic dart hits you!
You die...

*** *#.# #.
############ #.# #.
...........# #.# .##
. .#########.#
#.##..#.# .#
##.######.#..#.##*
.#####
*#......##.......# *
.....#
#..#......)....#.#
,, .###.#
#....#..W..!.#...#
.#
#......#.@.#.....#
.#
#........#.......< ≈
.. ,
..........#.....?).
##
###......#...#......
#.
#....#.......#....
...
##.#...........#..
... * .......#.....
. .. ##.#### ..####
,* #. .##


You could see anet's ghost.

Vanquished Creatures
  Grinder (D:3)
  2 scorpions
  An iguana (D:4)
  A worker ant (D:4)
  3 gnolls (D:2)
  4 adders
  A worm (D:3)
  2 leopard geckos (D:3)
  5 orcs
  A giant cockroach (D:1)
  5 goblins
  9 hobgoblins
  6 jackals
  A quokka (D:3)
  2 bats
  4 frilled lizards
  3 kobolds
  6 rats
57 creatures vanquished.

Notes
Turn   | Place    | Note
-------+----------+-------------------------------------------
     0 | D:1      | Megalobster the Deep Dwarf Fighter began the quest for the Orb.
     0 | D:1      | Reached XP level 1. HP: 20/20 MP: 1/1
   490 | D:1      | Reached XP level 2. HP: 24/27 MP: 2/2
   838 | D:2      | Reached skill level 3 in Axes
   843 | D:2      | Reached XP level 3. HP: 28/33 MP: 3/3
  1426 | D:2      | Reached XP level 4. HP: 26/42 MP: 4/4
  1896 | D:3      | Noticed Grinder
  1906 | D:3      | Killed Grinder
  1906 | D:3      | Reached skill level 4 in Axes
  1906 | D:3      | Reached XP level 5. HP: 40/49 MP: 5/5
  1906 | D:3      | Reached XP level 6. HP: 45/56 MP: 6/6
  2239 | D:3      | Reached skill level 5 in Axes
  2507 | D:4      | Noticed anet's ghost (novice DEWz)
  2538 | D:4      | Killed from afar by anet's ghost

Vault maps used:
D:1:      minmay_arrival_four_loops, grunt_decor_cap
D:2:      first_bread
D:3:      uniq_grinder
D:4:      portal_sewer_entry_f, minmay_misc_feat_more_columns

Skill      XL: |  1  2  3  4  5  6 |
---------------+-------------------+-----
Axes           | 3 4 5 |  5.3
Fighting       | 3 |  3.9
Armour         | 4 |  4.8
Shields        | 4 |  4.7

Action                   |  1- 3 |  4- 6 || total
-------------------------+-------+-------++-------
Melee: War axe           |   130 |   100 ||   230
 Abil: Heal Wounds       |     1 |     2 ||     3
  Use: Potion            |       |     1 ||     1
  Eat: Chunk             |     2 |     2 ||     4
       Bread ration      |       |     1 ||     1
Armor: Scale mail        |    71 |    45 ||   116
Dodge: Dodged            |    37 |    23 ||    60
Block: Shield            |    59 |    37 ||    96

Table legend:
 A = Spawn XP
 B = Non-spawn XP
 C = Spawn XP percentage of total XP
 D = Spawn monster count
 E = Non-spawn monster count
 F = Spawn count percentage of total count
 G = Total turns spent on level
                    A         B        C        D         E        F      G
               +---------+---------+-------+---------+---------+-------+---------
         Total |       0 |     664 |   0.0 |       0 |      57 |   0.0 |  2538
               +---------+---------+-------+---------+---------+-------+---------
           D:1 |       0 |      13 |   0.0 |       0 |       9 |   0.0 |   663
           D:2 |       0 |      96 |   0.0 |       0 |      20 |   0.0 |  1005
           D:3 |       0 |     396 |   0.0 |       0 |      23 |   0.0 |   752
           D:4 |       0 |     159 |   0.0 |       0 |       5 |   0.0 |   118
               +---------+---------+-------+---------+---------+-------+---------
